AoeStats
← LM | TornardoBriese

Arabia

504721190Analyzed
1v1 RM · 26d ago on Sep 6, 2026· 37m 14s· 2 players
Game mode
Random Map
Map size
Tiny (2 player)
Population
200
Speed
Normal
Resources
Standard
Victory
Conquest
Starting age
Dark Age
Ending age
Imperial Age
RankedLock teamsTeams togetherTeam positionsShared explorationLock speedFull tech treeHidden civsTurbo modeCheats
Victory
Defeat
🇳🇱 Britons · Netherlands
1237
+14
🇨🇭 Turks · Switzerland
1204
-14
LM | TornardoBriese
1:57 Loom
6:24 Loom
9:23 Feudal Age
10:31 Double-Bit Axe
19:43 Wheelbarrow
22:23 Castle Age
21:41 Bloodlines
21:38 Scale Barding Armor
21:33 Fletching
22:22 Town Watch
25:19 Bodkin Arrow
26:55 Padded Archer Armor
27:37 Thumb Ring
27:50 Bow Saw
31:43 Husbandry
35:25 Imperial Age
35:01 Ballistics
diegoligtenberg
6:28 Loom
9:33 Feudal Age
9:36 Man-at-Arms
21:22 Castle Age
19:52 Scale Mail Armor
21:04 Horse Collar
21:09 Double-Bit Axe
21:41 Pikeman
22:58 Chain Mail Armor
26:19 Squires
27:40 Heavy Plow
28:16 Wheelbarrow
30:49 Fletching
31:49 Crossbowman
32:24 Bodkin Arrow
35:57 Imperial Age
34:06 Ballistics
35:16 Padded Archer Armor
35:30 Bow Saw
35:42 Town Watch
35:53 Gold Mining
36:00 Stone Mining
36:49 Leather Archer Armor
Connection lost

Rejoining the realm…

Still unreachable

The connection could not be restored.

Session expired

The server has moved on; the page needs a fresh start.